 Dungeon Crawl Stone Soup version 0.29.1-1-gd02db6906a (webtiles) character file.

Game seed: 931800830112110260

105 virigoth the Chopper (level 4, -6/58 HPs)
             Began as a Minotaur Berserker on Sept 18, 2022.
             Was a Follower of Trog.
             Mangled by Natasha (7 damage)
             ... on level 2 of the Dungeon.
             The game lasted 00:04:08 (1357 turns).

virigoth the Chopper (Minotaur Berserker)           Turns: 1357, Time: 00:04:09

Health: -6/58      AC:  2    Str: 22    XL:     4   Next: 53%
Magic:  3/3        EV:  9    Int:  6    God:    Trog [*.....]
Gold:   70         SH:  0    Dex:  9    Spells: 3/3 levels left

rFire   . . .      SeeInvis .   a - +0 hand axe
rCold   . . .      Faith    .   (no shield)
rNeg    . . .      Spirit   .   b - +0 animal skin
rPois   .          Reflect  .   (helmet restricted)
rElec   .          Harm     .   (no cloak)
rCorr   .          Rampage  .   (no gloves)
Will    .....                   (no boots)
Stlth   ..........              (no amulet)
HPRegen 0.19/turn               (no ring)
MPRegen 0.08/turn               (no ring)

@: berserking, grasped by roots, constricted, very quick
A: horns 2, retaliatory headbutt, screaming 1
a: Renounce Religion, Berserk


You were on level 2 of the Dungeon.
You worshipped Trog.
Trog was aware of your devotion.
You visited 1 branch of the dungeon, and saw 2 of its levels.

You collected 70 gold pieces.

Inventory:

Hand Weapons
 a - a +0 hand axe (weapon)
 k - a +4 whip
Armour
 b - a +0 animal skin (worn)
Scrolls
 c - 2 scrolls of fog
 d - 2 scrolls of identify
 e - a scroll of teleportation {unknown}
 f - a scroll of amnesia {unknown}
 g - a scroll of enchant armour {unknown}
Potions
 h - a potion of berserk rage {unknown}
 i - a potion of might {unknown}
 j - a potion of attraction {unknown}


   Skills:
 - Level 3.6 Fighting
 + Level 6.5 Axes
 - Level 2.4 Armour
 - Level 2.1 Dodging


You had 3 spell levels left.
You didn't know any spells.
Your spell library was empty.

Dungeon Overview and Level Annotations

Branches:
Dungeon (2/15)

Altars:

Annotations:
D:2 Natasha


Innate Abilities, Weirdness & Mutations

You have a pair of horns on your head.
You reflexively headbutt those who attack you in melee.
You occasionally shout uncontrollably at your foes.


Message History

You hit Natasha but do no damage.
Natasha is heavily wounded.
The white imp shouts, "Away with thee, thou puny rump-fed dingleberry!"
Natasha claws you. The grasping roots constrict you.
The grasping roots release their grip on you.
You are too injured to fight recklessly!
You are too injured to fight recklessly!
You are too injured to fight recklessly!
You are too injured to fight recklessly!
A red film seems to cover your vision as you go berserk!
You feel yourself moving faster!
You feel mighty! The white imp gestures at you. The puff of frost misses you.
Natasha claws you.
* * * LOW HITPOINT WARNING * * *
You completely miss Natasha.
Natasha is heavily wounded.
You barely miss the white imp. The white imp hits you.
* * * LOW HITPOINT WARNING * * *
The white imp freezes you.
* * * LOW HITPOINT WARNING * * *
Natasha zaps a wand.
The roots erupt in riotous growth!
The grasping roots grab you!
Natasha is unaffected.
The white imp is unaffected.
The grasping roots constrict you.
* * * LOW HITPOINT WARNING * * *
You hit Natasha. Your headbutt misses Natasha.
Natasha is severely wounded.
You hit the white imp.
The white imp grins evilly.
The white imp hits you.
* * * LOW HITPOINT WARNING * * *
The white imp freezes you.
* * * LOW HITPOINT WARNING * * *
You completely miss Natasha.
Natasha is severely wounded.
You hit the white imp.
You kill the white imp!
The white imp disappears in a puff of smoke!
Natasha claws you!
You die...

#. #... ####### ######
##..###.....##.....# #
...##.............. # #
#.#.............(. ###
#.#................. ..##
#.#................. ...#####
##..$................ .......##
#..§@................
#.......###.#..h#......†.........
#.###..........####..............
#..##.†..........###.....##.....#
##.##.............##.#.........##
...........#......##.#.........#
##.........#.........#.........#
######.....#......##...........#
# #.....#.............#.#####


You could see Natasha.

Vanquished Creatures
  Jessica (D:2)
  Natasha (twice) (D:2)
  2 worms (D:2)
  4 ball pythons
  A bat (D:1)
  2 endoplasms (D:2)
  A giant cockroach (D:2)
  3 goblins
  3 jackals (D:1)
  A kobold (D:1)
  4 frilled lizards
  2 rats (D:1)
26 creatures vanquished.

Notes
Turn   | Place    | Note
-------+----------+-------------------------------------------
     0 | D:1      | virigoth the Minotaur Berserker began the quest for the
                  | Orb.
     0 | D:1      | Reached XP level 1. HP: 19/19 MP: 0/0
    70 | D:1      | Found a faded altar of an unknown god.
   148 | D:1      | Reached skill level 4 in Axes
   230 | D:1      | Reached XP level 2. HP: 21/26 MP: 1/1
   567 | D:2      | Gained mutation: You occasionally shout uncontrollably at
                  | your foes. [potion of mutation]
   724 | D:2      | Noticed Jessica
   731 | D:2      | Killed Jessica
   732 | D:2      | Reached skill level 5 in Axes
   732 | D:2      | Reached XP level 3. HP: 28/31 MP: 2/2
   787 | D:2      | Noticed Natasha
   796 | D:2      | Killed Natasha
   797 | D:2      | Reached skill level 6 in Axes
   797 | D:2      | Reached XP level 4. HP: 12/39 MP: 3/3
  1114 | D:2      | Noticed Natasha
  1121 | D:2      | Killed Natasha
  1348 | D:2      | Noticed Natasha
  1356 | D:2      | HP: 1/58 [white imp[Natasha] (5)]
  1357 | D:2      | Mangled by Natasha

Illustrated notes

Levels and vault maps discovered:
D:1:      lemuel_arrival_muddy, layout_basic, hellmonk_ecumenical_altar_zigzags
D:2:      layout_rooms, uniq_natasha, uniq_jessica

Skill      XL: |  1  2  3 |
---------------+----------+-----
Axes           | 4 5 6 |  6.5
Fighting       | |  3.6
Armour         | |  2.4
Dodging        | |  2.1

Action                   |  1- 3 |  4- 6 || total
-------------------------+-------+-------++-------
Melee: Hand axe          |    42 |    19 ||    61
       Headbutt          |     5 |     3 ||     8
Invok: Berserk           |     1 |     1 ||     2
  Use: Scroll            |     2 |       ||     2
       Potion            |     1 |       ||     1
Armor: Animal skin       |     9 |     1 ||    10
Dodge: Dodged            |    20 |     7 ||    27
